 Dungeon Sprint DCSS version 0.23.2-40-g277498a001 (console) character file.

Game seed: 10758267052361291136

28525 Kniotic the Warrior (level 13, -5/122 HPs)
             Began as a Formicid Fighter on Sept 18, 2019.
             Was the Champion of Okawaru.
             Slain by an entropy weaver (10 damage)
             ... in the Dungeon (Sprint IX: "|||||||||||||||||||||||||||||") on Sept 23, 2019.
             The game lasted 00:28:26 (3418 turns).

Kniotic the Warrior (Formicid Fighter)              Turns: 3418, Time: 00:28:26

Health: -5/122     AC:  3    Str: 28    XL:     13   Next: 74%
Magic:  22/22      EV: 11    Int: 12    God:    Okawaru [******]
Gold:   1930       SH: 19    Dex: 10    Spells: 12/12 levels left

rFire    . . .     SeeInvis +   C - +8 demon blade {vamp, rN+ AC-3 EV-3}
rCold    + . .     Gourm    .   w - +2 shield {rC+}
rNeg     + . .     Faith    .   c - +5 plate armour
rPois    +         Spirit   .   (helmet unavailable)
rElec    .         Reflect  .   A - +2 cloak
rCorr    .         Harm     .   y - +0 pair of gloves "Forget-Me-Not" {rPois MR+}
MR       ++...                  (no boots)
Stlth    ..........             (no amulet)
HPRegen  0.30/turn              t - ring of Gozag's Approval {rPois Int+3 Slay+5}
MPRegen  0.18/turn              s - +3 ring of strength

@: heroism, corroded
A: permanent stasis, dig shafts and tunnels, four strong arms, antennae 3
a: Dig, Heroism, Finesse, Renounce Religion


You were in the Dungeon.
You worshipped Okawaru.
Okawaru was exalted by your worship.
You were not hungry.

You visited 1 branch You collected 1930 gold pieces.

Inventory:

Hand Weapons
 r - the +11 hand crossbow "Voduomock" {penet, *Contam MR+ Int+2}
   (Okawaru gifted it to you in the Dungeon)

   Ammo fired by it will pass through the targets it hits, potentially hitting
   all targets in its path until it reaches maximum range.
   It affects your intelligence (+2).
   It affects your resistance to hostile enchantments.
   It causes magical contamination when unequipped.
 C - the +8 demon blade "Leech" (weapon) {vamp, rN+ AC-3 EV-3}
   (Okawaru gifted it to you in the Dungeon)

   It inflicts no extra harm, but heals its wielder when it wounds a living foe.
   It affects your AC (-3).
   It affects your evasion (-3).
   It protects you from negative energy.
 D - a +2 great sword of flaming
Armour
 c - a +5 plate armour (worn)
 w - a +2 shield of cold resistance (worn)
 y - the +0 pair of gloves "Forget-Me-Not" (worn) {rPois MR+}
   (You found it in the Dungeon)

   It protects you from poison.
   It affects your resistance to hostile enchantments.
 A - a +2 cloak (worn)
Jewellery
 b - a +3 ring of dexterity
 s - a +3 ring of strength (right hand)
 t - the ring of Gozag's Approval (left hand) {rPois Int+3 Slay+5}
   (You found it in the Dungeon)

   [ring of poison resistance]

   It affects your intelligence (+3).
   It affects your accuracy and damage with ranged weapons and melee attacks
   (+5).
   It protects you from poison.
 B - an uncursed ring of protection from cold
Wands
 a - a wand of random effects (17)
 p - a wand of iceblast (10)
Scrolls
 k - 2 scrolls of blinking
 n - 4 scrolls of remove curse
 o - 2 scrolls of amnesia
 u - 4 scrolls of fear
 v - 2 scrolls of identify
Potions
 d - 4 potions of might
 e - 4 potions of curing
 g - 3 potions of resistance
 h - 2 potions of haste
 i - 4 potions of magic
 j - 2 potions of berserk rage
 l - 2 potions of mutation
 m - a potion of invisibility
Comestibles
 f - 9 rations
 q - a chunk of flesh


   Skills:
 - Level 18.0(23.0) Fighting
 * Level 16.7(21.7) Long Blades
 * Level 16.2(21.2) Armour
 + Level 8.0(13.0) Dodging
 + Level 17.8(22.8) Shields
 + Level 12.6 Invocations


You had 12 spell levels left.
You didn't know any spells.
Your spell library was empty.

Dungeon Overview and Level Annotations

Branches:
Dungeon (1/1)

Altars:
Cheibriados
Dithmenos
Elyvilon
Fedhas
Gozag
Hepliaklqana
Kikubaaqudgha
Makhleb
Nemelex Xobeh
Okawaru
Qazlal
Ru
Sif Muna
Trog
Uskayaw
Vehumet
Wu Jian
Xom
Yredelemnul
Zin
The Shining One
Beogh
Jiyva
Lugonu

Shops:
D *:!%


Innate Abilities, Weirdness & Mutations

You cannot be hasted, slowed, berserked, paralysed or teleported.
You can dig through walls and to a lower floor.
Your four strong arms can wield two-handed weapons with a shield.
You have a pair of large antennae on your head. (SInv)


Message History

Okay, then.
Evoke which item? (* to show all) (? for menu, Esc to quit)
Okay, then.
Press: ? - help, v - describe, . - travel
Here: an entropy weaver (severely wounded)
The floor, spattered with blood.
You completely miss the entropy weaver.
The entropy weaver is severely wounded.
The entropy weaver hits you.
* * * LOW HITPOINT WARNING * * *
The entropy weaver closely misses you.
The entropy weaver completely misses you.
You block the entropy weaver's attack.
You see here a jumping spider corpse.
You block the entropy weaver's attack.
The entropy weaver hits you but does no damage.
The entropy weaver hits you.
* * * LOW HITPOINT WARNING * * *
The entropy weaver hits you!
You die... {{{{{{{{{{

▓▓▓▓▓▓▓▓▓▓▓▓▓▓▓▓▓▓▓▓▓▓▓▓ {{
{{.......†.†a@...........▓
♣♣♣▓▓▓▓▓▓▓▓▓▓▓▓▓▓▓▓▓▓▓▓▓▓▓▓.▓
............................▓
▓▓▓▓▓▓▓▓▓▓▓▓▓▓▓▓▓▓▓▓▓▓▓▓▓▓▓▓▓
[[[[.)))))))).=.=='.........▓
▓▓▓▓▓▓▓▓▓▓▓▓▓▓▓▓▓▓▓▓▓▓▓▓▓▓▓.▓
...........(...)............▓
▓▓▓▓▓▓▓▓▓▓▓▓▓▓▓▓▓▓▓▓▓▓▓▓▓▓▓▓▓
'.......[))[))[.............▓
▓▓▓▓▓▓▓▓▓▓▓▓▓▓▓▓▓▓▓▓▓▓▓▓▓▓▓.▓
.............[.)().(.)...)..▓


You could see an entropy weaver.

Vanquished Creatures
  Kirke (D)
  A fire giant (D)
  An emperor scorpion (D)
  An entropy weaver (D)
  2 stone giants (D)
  Azrael (D)
  3 spark wasps (D)
  Snorg (D)
  A fire dragon (D)
  Harold (D)
  A centaur warrior (D)
  A catoblepas (D)
  3 ugly things (D)
  11 orc knights (D)
  A cyclops (D)
  Maurice (D)
  A black mamba (D)
  3 spiny frogs (D)
  2 komodo dragons (D)
  2 jumping spiders (D)
  A hornet (D)
  A blink frog (D)
  2 hippogriffs (D)
  A slime creature (D)
  A redback (D)
  A vampire (D)
  2 yaks (D)
  A wyvern (D)
  4 fire elementals (D)
  A hog (D)
  2 vampire mosquitoes (D)
  A hell hound (D)
  5 water moccasins (D)
  2 porcupines (D)
  15 orc warriors (D)
  A centaur (D)
  2 crocodiles (D)
  6 bullfrogs (D)
  A howler monkey (D)
  3 crimson imps (D)
  5 orc priests (D)
  An iguana (D)
  5 orc wizards (D)
  2 adder skeletons (D)
  A leopard gecko (D)
  3 orcs (D)
  2 bats (D)
  2 bat skeletons (D)
  A hobgoblin (D)
  A jackal (D)
  A quokka (D)
  A leopard gecko skeleton (D)
  A rat (D)
118 creatures vanquished.

Notes
Turn   | Place    | Note
-------+----------+-------------------------------------------
     0 | D        | Kniotic the Formicid Fighter began the quest for the Orb.
     0 | D        | Reached XP level 1. HP: 18/18 MP: 1/1
    28 | D        | Reached XP level 2. HP: 21/24 MP: 2/2
    63 | D        | Noticed a crimson imp
    65 | D        | Reached skill level 5 in Shields
    82 | D        | Killed a crimson imp
    82 | D        | Reached skill level 5 in Long Blades
    82 | D        | Reached XP level 3. HP: 28/29 MP: 3/3
    91 | D        | Found a roughly hewn altar of Beogh.
    91 | D        | Found a snail-covered altar of Cheibriados.
    91 | D        | Found a shadowy altar of Dithmenos.
    91 | D        | Found a white marble altar of Elyvilon.
    91 | D        | Found a blossoming altar of Fedhas.
    91 | D        | Found an opulent altar of Gozag.
    92 | D        | Found a hazy altar of Hepliaklqana.
    93 | D        | Found a viscous altar of Jiyva.
    94 | D        | Found an ancient bone altar of Kikubaaqudgha.
    95 | D        | Found a corrupted altar of Lugonu.
    96 | D        | Found a burning altar of Makhleb.
    97 | D        | Found a sparkling altar of Nemelex Xobeh.
    98 | D        | Found an iron altar of Okawaru.
    99 | D        | Found a stormy altar of Qazlal.
   100 | D        | Found a sacrificial altar of Ru.
   101 | D        | Found a deep blue altar of Sif Muna.
   102 | D        | Found a bloodstained altar of Trog.
   103 | D        | Found a hide-covered altar of Uskayaw.
   104 | D        | Found a radiant altar of Vehumet.
   105 | D        | Found an ornate altar of the Wu Jian Council.
   106 | D        | Found a shimmering altar of Xom.
   107 | D        | Found a basalt altar of Yredelemnul.
   126 | D        | Became a worshipper of Warmaster Okawaru
   129 | D        | Found a glowing silver altar of Zin.
   130 | D        | Found a glowing golden altar of the Shining One.
   309 | D        | Noticed a water moccasin
   314 | D        | Reached XP level 4. HP: 35/35 MP: 4/4
   321 | D        | Reached XP level 5. HP: 41/41 MP: 5/5
   331 | D        | Killed a water moccasin
   331 | D        | Reached * piety under Okawaru
   331 | D        | Reached skill level 10 in Shields
   331 | D        | Reached XP level 6. HP: 33/47 MP: 6/6
   574 | D        | Noticed a cyclops
   574 | D        | Noticed a wyvern
   574 | D        | Noticed a slime creature
   574 | D        | Noticed a white ugly thing
   583 | D        | HP: 2/47 [white ugly thing (21)]
   587 | D        | Killed a white ugly thing
   587 | D        | Reached ** piety under Okawaru
   587 | D        | Reached skill level 8 in Fighting
   587 | D        | Reached skill level 10 in Long Blades
   587 | D        | Reached XP level 7. HP: 29/63 MP: 4/7
   596 | D        | Killed a slime creature
   596 | D        | Reached *** piety under Okawaru
   596 | D        | Reached skill level 9 in Fighting
   596 | D        | Reached XP level 8. HP: 36/72 MP: 5/8
   632 | D        | Reached skill level 10 in Fighting
   635 | D        | Killed a wyvern
   641 | D        | Killed a cyclops
   641 | D        | Received a gift from Okawaru
   641 | D        | Reached **** piety under Okawaru
   641 | D        | Reached skill level 11 in Fighting
   641 | D        | Reached XP level 9. HP: 33/82 MP: 9/9
   954 | D        | Got the ring of Gozag's Approval {rPois Int+3 Slay+5}
   975 | D        | Noticed a hippogriff
   975 | D        | Noticed a komodo dragon
   981 | D        | Killed a komodo dragon
   981 | D        | Reached skill level 12 in Fighting
   987 | D        | Noticed a black mamba
   987 | D        | Killed a hippogriff
  1000 | D        | Reached skill level 13 in Fighting
  1005 | D        | Reached skill level 10 in Armour
  1009 | D        | Killed a black mamba
  1009 | D        | Reached XP level 10. HP: 54/92 MP: 7/10
  1012 | D        | Reached ***** piety under Okawaru
  1171 | D        | Noticed a spiny frog
  1177 | D        | Killed a spiny frog
  1181 | D        | Reached skill level 14 in Fighting
  1183 | D        | Noticed a komodo dragon
  1188 | D        | Received a gift from Okawaru
  1212 | D        | Killed a komodo dragon
  1284 | D        | Noticed a spiny frog
  1291 | D        | Noticed a spiny frog
  1294 | D        | Killed a spiny frog
  1294 | D        | Reached skill level 15 in Fighting
  1307 | D        | Killed a spiny frog
  1426 | D        | Got the +0 pair of gloves "Forget-Me-Not" {rPois MR+}
  1539 | D        | Noticed an orc knight
  1558 | D        | Killed an orc knight
  1558 | D        | Received a gift from Okawaru
  1558 | D        | Reached XP level 11. HP: 73/104 MP: 9/11
  1599 | D        | Got a bloodstained hand crossbow {god gift}
  1637 | D        | Identified the +11 hand crossbow "Voduomock" {penet,
                  | *Contam MR+ Int+2} (Okawaru gifted it to you in the
                  | Dungeon)
  1685 | D        | Noticed an orc knight
  1688 | D        | Noticed an orc knight
  1698 | D        | Reached skill level 1 in Invocations
  1711 | D        | Killed an orc knight
  1711 | D        | Reached skill level 16 in Fighting
  1728 | D        | Killed an orc knight
  1744 | D        | Received a gift from Okawaru
  2019 | D        | Found Zaafurgh's Food Boutique.
  2019 | D        | Noticed an orc knight
  2019 | D        | Noticed an orc knight
  2025 | D        | Noticed an orc knight
  2027 | D        | Killed an orc knight
  2051 | D        | Killed an orc knight
  2051 | D        | Reached skill level 5 in Invocations
  2052 | D        | Found Batas's Distillery.
  2073 | D        | Killed an orc knight
  2073 | D        | Reached skill level 17 in Fighting
  2078 | D        | Found Toefovuha's Book Boutique.
  2081 | D        | Found Eloadgh's General Store.
  2082 | D        | Noticed an orc knight
  2083 | D        | Noticed an orc knight
  2086 | D        | Noticed an orc knight
  2089 | D        | Noticed an orc knight
  2162 | D        | Killed an orc knight
  2183 | D        | Received a gift from Okawaru
  2353 | D        | Killed an orc knight
  2509 | D        | Killed an orc knight
  2509 | D        | Reached skill level 15 in Shields
  2737 | D        | Killed an orc knight
  2737 | D        | Reached XP level 12. HP: 79/116 MP: 14/17
  2836 | D        | Noticed Maurice
  2846 | D        | Killed Maurice
  2884 | D        | Noticed Harold
  2893 | D        | Killed Harold
  2893 | D        | Reached skill level 18 in Fighting
  2920 | D        | Found the +5 scythe "Finisher" {speed, eviscerate}
  2978 | D        | Noticed a centaur warrior
  2985 | D        | Reached skill level 1 in Dodging
  2986 | D        | Noticed a catoblepas
  2988 | D        | Killed a centaur warrior
  2990 | D        | Noticed a fire giant
  2996 | D        | Noticed a stone giant
  3007 | D        | Killed a catoblepas
  3010 | D        | Noticed a stone giant
  3014 | D        | Killed a fire giant
  3014 | D        | Reached skill level 15 in Long Blades
  3015 | D        | Noticed a fire dragon
  3015 | D        | Noticed a spark wasp
  3018 | D        | Noticed a spark wasp
  3026 | D        | Killed a stone giant
  3036 | D        | Killed a stone giant
  3036 | D        | Reached skill level 10 in Invocations
  3044 | D        | Killed a fire dragon
  3044 | D        | Reached skill level 5 in Dodging
  3049 | D        | Killed a spark wasp
  3049 | D        | Received a gift from Okawaru
  3049 | D        | Reached XP level 13. HP: 84/122 MP: 10/20
  3056 | D        | Killed a spark wasp
  3056 | D        | Reached ****** piety under Okawaru
  3072 | D        | Received a gift from Okawaru
  3072 | D        | Reached skill level 15 in Armour
  3073 | D        | Found the +8 demon blade "Leech" {vamp, rN+ AC-3 EV-3}
  3160 | D        | Noticed Azrael
  3205 | D        | Killed Azrael
  3271 | D        | Noticed Kirke
  3281 | D        | Killed Kirke
  3320 | D        | Noticed Snorg
  3329 | D        | Killed Snorg
  3370 | D        | Noticed a spark wasp
  3370 | D        | Noticed an entropy weaver
  3370 | D        | Noticed an emperor scorpion
  3371 | D        | Noticed an entropy weaver
  3387 | D        | Killed an emperor scorpion
  3393 | D        | Killed an entropy weaver
  3406 | D        | Killed a spark wasp
  3418 | D        | HP: 5/122 [entropy weaver (4)]
  3418 | D        | Slain by an entropy weaver

Skill      XL: |  1  2  3  4  5  6  7  8  9 10 11 12 13 |
---------------+----------------------------------------+-----
Shields        | 4 6 8 10 12 13 15 16 17 | 17.8
Long Blades    | 3 5 6 8 10 11 12 13 14 15 16 | 16.7
Fighting       | 8 9 11 13 15 17 18 | 18.0
Armour         | 6 7 8 10 11 13 14 16 | 16.2
Invocations    | 6 10 12 | 12.6
Dodging        | 5 8 |  8.0

Action                   |  1- 3 |  4- 6 |  7- 9 | 10-12 | 13-15 || total
-------------------------+-------+-------+-------+-------+-------++-------
Melee: Long sword        |    39 |       |       |       |       ||    39
       Scimitar          |     5 |    50 |    63 |   346 |    21 ||   485
       Demon blade       |       |       |       |       |    71 ||    71
Invok: Heroism           |       |     1 |     1 |    12 |     4 ||    18
       Finesse           |       |       |       |     3 |     1 ||     4
  Use: Potion            |       |     2 |     1 |     2 |       ||     5
       Scroll            |       |       |       |     3 |       ||     3
 Stab: Distracted        |       |       |       |       |     1 ||     1
  Eat: Chunk             |       |       |       |     7 |     1 ||     8
       Ration            |       |       |       |       |     2 ||     2
Armor: Scale mail        |    16 |       |       |       |       ||    16
       Plate armour      |     3 |    13 |    19 |    47 |    27 ||   109
Dodge: Dodged            |     9 |    10 |    15 |    34 |    14 ||    82
Block: Shield            |    28 |    23 |    24 |   101 |    59 ||   235
       Rpst.: Long sword |     3 |       |       |       |       ||     3
       Scimitar          |       |     3 |     5 |     8 |       ||    16
       Demon blade       |       |       |       |       |     1 ||     1
